[Event "*** Titled Tuesday Blitz"]
[Site "Chess.com"]
[Date "2020.05.12"]
[Round "9"]
[White "Firehand33"]
[Black "BaMBoMaTTo"]
[Result "1/2-1/2"]
[WhiteElo "2718"]
[BlackElo "2649"]
[TimeControl "180+1"]
[EndTime "11:43:52 PDT"]
[Termination "Game drawn by repetition"]

1. e4 c5 2. Nc3 a6 3. g3 b5 4. Bg2 Bb7 5. d3 e6 6. f4 Nf6 7. Nf3 b4 8. Ne2 d6 9. O-O Nbd7 10. f5 e5 11. h3 d5 12. exd5 Bxd5 13.
g4 h6 14. Ng3 Bd6 15. Qe2 Qc7 16. Ne4 Nxe4 17. dxe4 Bc6 18. Nd2 Be7 19. Rd1 Nb6 20. Nf1 O-O 21. Be3 Bb5 22. Qf2 Nc4 23.
Bc1 Rad8 24. Rxd8 Rxd8 25. b3 Nb6 26. Ne3 c4 27. Nd5 Nxd5 28. exd5 cxb3 29. cxb3 e4 30.
Bf4 Qc3 31. Rc1 Qd3 32. Qe3 Qxe3+ 33. Bxe3 Bd3 34. Rc7 Bg5 35. Bxg5 hxg5 36. Rc5 e3 37. Bf3 Kf8 38. Rc1 Re8 39. Re1 Re5 40. d6 Ke8 41. Bc6+ Kd8 42. Kg2 Bb5 43. Bxb5 axb5 44.
Kf3 Kd7 45. Rxe3 Rxe3+ 46. Kxe3 Kxd6 47. Ke4 f6 48. Kd4 Kc6 49. Ke3 Kd5 50. Kd3 Ke5 51.
Ke3 Kd5 52. Kd3 Ke5 53. Ke3 Kd5 1/2-1/2

[Event "*** Titled Tuesday Blitz"]
[Site "Chess.com"]
[Date "2020.05.12"]
[Round "9"]
[White "ElGasanov"]
[Black "InitiatingASC"]
[Result "1-0"]
[WhiteElo "2742"]
[BlackElo "2368"]
[TimeControl "180+1"]
[EndTime "11:43:53 PDT"]
[Termination "ElGasanov won by checkmate"]

1. d4 d5 2. Nf3 e6 3. c4 c5 4. e3 Nf6 5. Nc3 Nc6 6. a3 a6 7.
dxc5 Bxc5 8. b4 Bd6 9. Ra2 dxc4 10. Rd2 Ke7 11. Bxc4 Qc7 12. O-O Ne5 13. Be2 Nxf3+ 14. Bxf3 Be5 15. Na4 Bxh2+ 16. Kh1 Be5 17. Nc5 Ra7 18.
Qb3 b6 19. Na4 Rd8 20. Rc2 Qb8 21. Rc6 Bd7 22. Rc2 Rc7 23. Nc3 Qc8 24. Bb2 Bb5 25. Nxb5 Rxc2 26. Na7 Rxb2 27. Nxc8+ Rxc8 28. Qa4 Rcc2 29. Kg1 Nd7 30. Qxa6 Rd2 31. Qb7 g6 32. Bc6 Ra2 33. a4 h5 34. a5 bxa5 35. bxa5 Rxa5 36. Bxd7 Rxd7 37. Qb4+ Bd6 38. Qxa5 Kf6 39. Qb5 Re7 40. Rd1 Be5 41. f4 Bc7 42. Rd7 Rxd7 43. Qxd7 Bb6 44. Kf2 Kg7 45. Kf3 Bc5 46. e4 Bf8 47. g4 hxg4+ 48.
Kxg4 Kg8 49. f5 gxf5+ 50. exf5 exf5+ 51. Kxf5 Kg7 52. Qd4+ Kg8 53. Qe5 Bg7 54. Qe8+ Bf8 55. Kf6 Kh7 56. Qxf7+ Kh6 57. Qg6# 1-0

[Event "*** Titled Tuesday Blitz"]
[Site "Chess.com"]
[Date "2020.05.12"]
[Round "9"]
[White "druskacik"]
[Black "ThePatrick27"]
[Result "0-1"]
[WhiteElo "2639"]
[BlackElo "2546"]
[TimeControl "180+1"]
[EndTime "11:43:53 PDT"]
[Termination "ThePatrick27 won by resignation"]

1. e4 e5 2. Nf3 Nc6 3. Nc3 Nf6 4. d4 exd4 5. Nxd4 Bb4 6. Nxc6 bxc6 7. Bd3 d5 8. exd5 O-O 9. O-O cxd5 10. Bg5 c6 11. Qf3 Bd6 12. Rae1 Rb8 13. Nd1 h6 14. Bxf6 Qxf6 15.
Qxf6 gxf6 16. b3 Bd7 17. Ne3 Rfe8 18. Bf5 Be6 19. Bd3 Bd7 20. Nf5 Bf8 21. g4 c5 22. f3 a5 23. Kf2 a4 24. Rxe8 Rxe8 25. Re1 Re5 26. Rd1 Bxf5 27. Bxf5 axb3 28. axb3 c4 29. bxc4 dxc4 30. Rd8 Kg7 31. Rc8 Rc5 32. Rd8 Re5 33. Rd7 Re7 34. Rd1 Re5 35. h3 Bc5+ 36. Kg3 Re2 37. h4 Bf2+ 38. Kh3 Be3 39. Rh1 Bf4 40. Be4 Kf8 41. g5 fxg5 42. hxg5 hxg5 43. Kg4 Ke7 44. Ra1 Kf6 45. Ra4 Rg2+ 46.
Kh3 Rg3+ 47. Kh2 Rxf3+ 48. Kg2 Rc3 49. Ra5 Re3 50. Bh7 Be5 51. Rc5 Rg3+ 52. Kf1 c3 53. Rc6+ Ke7 54. Bd3 Kd7 55. Ra6 Rxd3 56. Ra7+ Kd6 57.
Ra6+ Kd5 58. Ra5+ Kd4 59. Ra4+ Ke3 60. cxd3 c2 61. Rc4 Kxd3 0-1

[Event "*** Titled Tuesday Blitz"]
[Site "Chess.com"]
[Date "2020.05.12"]
[Round "9"]
[White "Alexander_Zubov"]
[Black "Biranidun"]
[Result "1-0"]
[WhiteElo "2844"]
[BlackElo "2696"]
[TimeControl "180+1"]
[EndTime "11:43:54 PDT"]
[Termination "Alexander_Zubov won by resignation"]

1. e4 c5 2. Nf3 d6 3. d4 cxd4 4. Nxd4 Nf6 5. f3 e5 6. Nb3 a5 7. Bb5+ Nc6 8. Nc3 Be7 9. Be3 O-O 10. Qd2 Be6 11. O-O-O Na7 12. Be2 Nc8 13. a4 Nb6 14.
Kb1 Nc4 15. Bxc4 Bxc4 16. Bg5 Ra6 17. Bxf6 Bxf6 18. Nd5 Bg5 19. Qc3 b5 20. axb5 Bxb5 21.
Qc7 a4 22. Qxd8 Rxd8 23. Nc1 Rc8 24. Na2 Bc4 25. Nab4 Ra7 26. Nb6 Rb8 27. Nxc4 Rxb4 28. Nxd6 g6 29. Ka2 Be7 30. c3 Rb8 31. Nc4 f6 32.
Rd5 Rc7 33. Nd2 Rcb7 34. Rb1 Kf7 35. Ra5 Rd7 36. Nc4 a3 37. b4 Rc8 38. Nxa3 Rxc3 39. b5 Rd2+ 40. Rb2 Rxb2+ 41. Kxb2 Re3 42. b6 Re2+ 43. Kb3 Rxg2 44. b7 Bd6 45. Nc4 Bc7 46.
Rc5 Bb8 47. Rc8 Ba7 48. Ra8 Rg1 49. Rxa7 Rb1+ 50. Nb2 1-0

[Event "*** Titled Tuesday Blitz"]
[Site "Chess.com"]
[Date "2020.05.12"]
[Round "9"]
[White "jonaszmb"]
[Black "MarcoRiehle"]
[Result "0-1"]
[WhiteElo "2503"]
[BlackElo "2627"]
[TimeControl "180+1"]
[EndTime "11:43:54 PDT"]
[Termination "MarcoRiehle won by resignation"]

1. e4 e5 2. Nf3 Nf6 3. d4 exd4 4. e5 Ne4 5. Qxd4 f5 6. Bc4 Bc5 7. Qd5 Qe7 8. O-O c6 9. Qd1 b5 10. Bb3 Na6 11. Nbd2 Nxd2 12. Bxd2 Bb7 13. Bg5 Qf8 14. e6 d5 15. Ne5 g6 16. Nd7 Qd6 17. Nf6+ Kf8 18.
Nd7+ Kg7 19. Bf6+ Kg8 20. Re1 Re8 21. Be5 Qxe6 22. Bxh8 Qxd7 23. Rxe8+ Qxe8 24. Bd4 Qe4 25. Bxc5 Nxc5 26. Qd2 Qe6 27. Re1 Qf6 28. Qh6 Ne4 29. Qf4 Kg7 30. Qc7+ Qf7 31. Qe5+ Qf6 32. Qxf6+ Kxf6 33.
f3 Nd6 34. Kf2 c5 35. c3 a5 36. Rd1 Ke6 37. Re1+ Kf6 38. a4 b4 39. cxb4 axb4 40.
a5 c4 41. Ba4 d4 42. Rd1 Ke5 43. f4+ Kd5 44. g4 c3 45. gxf5 gxf5 46. bxc3 Ne4+ 47.
Ke1 bxc3 48. Bb3+ Kc5 49. Bc2 Ba6 50. Bd3 Bxd3 51. Rxd3 c2 52. Rd1 cxd1=Q+ 53. Kxd1 Kb5 54. Ke2 Nc5 55. a6 Kxa6 0-1

[Event "*** Titled Tuesday Blitz"]
[Site "Chess.com"]
[Date "2020.05.12"]
[Round "9"]
[White "Mouse-Sleep"]
[Black "attack2mateU"]
[Result "0-1"]
[WhiteElo "2508"]
[BlackElo "2632"]
[TimeControl "180+1"]
[EndTime "11:43:55 PDT"]
[Termination "attack2mateU won by resignation"]

1. Nf3 Nf6 2. c4 g6 3. Nc3 d5 4. Qa4+ Nc6 5. Nd4 Qd7 6. cxd5 Nxd5 7. Nxc6 Qxc6 8. Qxc6+ bxc6 9. g3 Nb4 10. Kd1 Be6 11.
Bg2 Bg7 12. d3 O-O 13. Bg5 Rfb8 14. Bxe7 Nd5 15. Bg5 Rxb2 16. Nxd5 cxd5 17. Rc1 Rxa2 18. Rxc7 a5 19. Rc2 Ra1+ 20. Rc1 Rxc1+ 21. Bxc1 a4 22. Ba3 Rb8 23. Kc2 Rb3 24. Bd6 Rb2+ 25. Kc1 Rxe2 26.
Bc5 Bb2+ 27. Kb1 a3 28. Bf3 Rd2 29. Rd1 Rxd1+ 30. Bxd1 d4 31. h4 h5 32. Ba4 Kg7 33. Be8 Kf6 34. Bd6 Kf5 35. Bc6 Kg4 36. Bg2 Bb3 37. Bh1 Kh3 38. Bf3 f5 39. Bh1 Kh2 40. Bc6 Kg1 41. Be8 Kxf2 42. Bxg6 Ke3 43. Bxf5 Kd2 44.
Be5 Bc2+ 45. Ka2 Bxd3 46. Bf4+ Kc3 47. Bxd3 Kxd3 48. g4 hxg4 49. h5 Kc2 50. h6 d3 51.
h7 d2 52. Bxd2 Kxd2 0-1

[Event "*** Titled Tuesday Blitz"]
[Site "Chess.com"]
[Date "2020.05.12"]
[Round "9"]
[White "AwesomeMango"]
[Black "GMsKoRPioN"]
[Result "0-1"]
[WhiteElo "2233"]
[BlackElo "2413"]
[TimeControl "180+1"]
[EndTime "11:43:55 PDT"]
[Termination "GMsKoRPioN won on time"]

1. e4 d6 2. d4 g6 3. Nf3 Bg7 4. Bc4 Nf6 5. Qe2 Nc6 6. O-O e5 7. dxe5 Nxe5 8. Nxe5 dxe5 9. Nc3 O-O 10. a4 c6 11. Rd1 Qe7 12. Be3 Be6 13. Bxe6 Qxe6 14. Rd3 Nh5 15. Qd2 Qc4 16. b3 Qe6 17. a5 Bf6 18. Na4 Nf4 19. Rd6 Qe7 20. Rd7 Qe6 21. Nc5 Qg4 22. f3 Qh5 23. Rxb7 Bg5 24. Rd1 Rfd8 25.
Rd7 Rxd7 26. Nxd7 Be7 27. Bxf4 exf4 28. Qxf4 Qxa5 29. Nf6+ Kg7 30. e5 Qc5+ 31. Kh1 Qxc2 32. Qd4 Qxb3 33. Nd7 Qe6 34. Nc5 Bxc5 35. Qxc5 a5 36.
h3 Re8 37. f4 a4 38. Rd6 Qb3 39. Qd4 Re6 40. Rxe6 Qxe6 41. Qxa4 c5 42. Qc2 Qd5 43.
Qc3 Kg8 44. Kh2 c4 45. g3 Qd3 46. Qa5 c3 47. Qa8+ Kg7 0-1

[Event "*** Titled Tuesday Blitz"]
[Site "Chess.com"]
[Date "2020.05.12"]
[Round "9"]
[White "Love_craft"]
[Black "Chessmatus"]
[Result "1-0"]
[WhiteElo "2626"]
[BlackElo "2477"]
[TimeControl "180+1"]
[EndTime "11:43:56 PDT"]
[Termination "Love_craft won by resignation"]

1. Nf3 c5 2. e4 d6 3. d3 Nf6 4.
g3 g6 5. Bg2 Bg7 6. O-O O-O 7.
Nc3 Nc6 8. Be3 Rb8 9. Qd2 Nd7 10.
Bh6 b5 11. Bxg7 Kxg7 12. d4 cxd4 13. Nxd4 Nde5 14. Nxc6 Nxc6 15. a3 Be6 16. h4 Qb6 17.
Rfd1 Qc5 18. b4 Qh5 19. f4 a5 20. Rab1 axb4 21. axb4 Bc4 22. Qe3 Rbc8 23. Bf3 Qh6 24. Nd5 f6 25. Nb6 Rc7 26. Nxc4 bxc4 27. b5 Nd8 28. b6 Rb7 29. e5 Rb8 30. exd6 exd6 31. Rxd6 Nf7 32. Rd7 Rfe8 33. Qd4 Re6 34. Bd5 Rbe8 35.
Bxe6 Rxe6 36. b7 Qh5 37. b8=Q Qf3 38. Rxf7+ Kh6 39. Qb7 Qxg3+ 40. Qg2 Re1+ 41. Rxe1 Qxe1+ 42. Kh2 Qc1 43. Rxh7+ Kxh7 44. Qd7+ Kh6 45. Qdg4 Qxf4+ 46. Qxf4+ 1-0

[Event "*** Titled Tuesday Blitz"]
[Site "Chess.com"]
[Date "2020.05.12"]
[Round "9"]
[White "fidezivkovic"]
[Black "PlayChessSimple"]
[Result "0-1"]
[WhiteElo "2362"]
[BlackElo "2498"]
[TimeControl "180+1"]
[EndTime "11:43:56 PDT"]
[Termination "PlayChessSimple won by checkmate"]

1. e4 e6 2. d3 d5 3. Nd2 c5 4. Ngf3 Nc6 5. g3 g6 6. Bg2 Bg7 7. O-O Nge7 8. Re1 b6 9. c3 O-O 10. a4 a5 11. exd5 exd5 12. Nb3 h6 13. d4 c4 14.
Nbd2 Be6 15. Nf1 Nf5 16. Ne3 Nxe3 17. Bxe3 Ne7 18. Qd2 Nf5 19. Bf4 g5 20. Be5 f6 21.
Bf4 Bf7 22. Be3 Nd6 23. Qc2 Ne4 24. Nd2 f5 25. f3 Nxd2 26. Qxd2 Qf6 27. f4 g4 28. Bf2 Rfe8 29. Re5 Qg6 30. Rae1 Bxe5 31. dxe5 Rad8 32. Bd4 Qc6 33. Qc2 Be6 34. h3 h5 35.
hxg4 hxg4 36. Bf1 Kf7 37. b3 Rb8 38. bxc4 dxc4 39. Bg2 Qd7 40. Ra1 Red8 41. Qf2 b5 42.
Bb6 Rdc8 43. Ba7 bxa4 44. Bxb8 Rxb8 45. Qc5 Rb2 46. Qd4 Qxd4+ 47. cxd4 c3 48. d5 c2 49. dxe6+ Kxe6 50. Kf2 c1=Q# 0-1

[Event "*** Titled Tuesday Blitz"]
[Site "Chess.com"]
[Date "2020.05.12"]
[Round "9"]
[White "GMaka"]
[Black "Sanyura"]
[Result "1/2-1/2"]
[WhiteElo "2367"]
[BlackElo "2490"]
[TimeControl "180+1"]
[EndTime "11:43:56 PDT"]
[Termination "Game drawn by repetition"]

1. d4 Nf6 2. Bf4 g6 3. Nc3 Bg7 4. e4 d6 5. Qd2 O-O 6. Bh6 Nbd7 7.
h4 c5 8. d5 a6 9. h5 b5 10.
hxg6 fxg6 11. Bxg7 Kxg7 12. f3 b4 13. Nce2 a5 14.
Qh6+ Kg8 15. Nf4 Ne5 16. O-O-O c4 17. Nge2 c3 18. Nd4 b3 19. cxb3 cxb2+ 20. Kb1 Rf7 21. Nc6 a4 22. Nxe5 dxe5 23. Nxg6 Rg7 24. Nxe5 axb3 25. Bc4 bxa2+ 26. Kxb2 a1=Q+ 27. Rxa1 Qb6+ 28.
Kc3 Rb8 29. d6+ Kh8 30. Nf7+ Rxf7 31. Bxf7 Qb2+ 32. Kd3 Bd7 33. dxe7 Bb5+ 34. Ke3 Qc3+ 35. Kf4 Qc7+ 36. e5 Qxe7 37. Qxf6+ Qxf6+ 38. exf6 Rf8 39. Be6 Rxf6+ 40. Bf5 h6 41. g4 Bc6 42. Ra8+ Bxa8 43. g5 Rf8 44. Rxh6+ Kg8 45. Kg4 Bxf3+ 46. Kf4 Bd5 47. Ke5 Bf7 48. Rf6 Kg7 49. Kf4 Rb8 50. Rd6 Rb4+ 51. Ke5 Rb5+ 52. Kf4 Rb4+ 53. Kg3 Rb5 54.
Kf4 Rb4+ 1/2-1/2

[Event "*** Titled Tuesday Blitz"]
[Site "Chess.com"]
[Date "2020.05.12"]
[Round "9"]
[White "Chichin_chao"]
[Black "adriangschnitzer"]
[Result "1-0"]
[WhiteElo "2372"]
[BlackElo "2479"]
[TimeControl "180+1"]
[EndTime "11:43:56 PDT"]
[Termination "Chichin_chao won by resignation"]

1. e4 c5 2. Nf3 Nc6 3. Bb5 g6 4.
O-O Bg7 5. Re1 e5 6. d3 Nge7 7.
a4 O-O 8. Nc3 d6 9. Bc4 h6 10. h3 Kh7 11. Nd5 Nxd5 12. Bxd5 Ne7 13. Bb3 f5 14. c3 f4 15. d4 g5 16. dxc5 dxc5 17. Qxd8 Rxd8 18. a5 Bd7 19. Bc4 Bc6 20. b4 b5 21. axb6 axb6 22. Rxa8 Rxa8 23. bxc5 bxc5 24.
Nd2 Nc8 25. Nb3 Bf8 26. Be6 Nb6 27. c4 Ra2 28. Rd1 Bxe4 29. Rd8 Ra8 30. Rxa8 Nxa8 31. Ba3 Nb6 32. Bxc5 Bxc5 33. Nxc5 Bc6 34. Nd3 e4 35. Nb4 Bd7 36. c5 Bxe6 37. cxb6 Bc8 38. Nc6 Kg7 39. Nd8 Kf6 40. b7 Bxb7 41. Nxb7 Ke5 42.
Kf1 Kd5 43. Ke2 h5 44. Nd8 g4 45. h4 Kd4 46. g3 f3+ 47. Kd2 e3+ 48. fxe3+ Ke4 49.
Ne6 f2 50. Ng5+ Kd5 51. Ke2 Kc4 52. Kxf2 Kd3 53. Ne6 Ke4 54. Nf4 Kf5 55. Nxh5 Ke4 56. Nf4 1-0

[Event "*** Titled Tuesday Blitz"]
[Site "Chess.com"]
[Date "2020.05.12"]
[Round "9"]
[White "blitzking1729"]
[Black "igorcadilhac"]
[Result "1/2-1/2"]
[WhiteElo "2487"]
[BlackElo "2349"]
[TimeControl "180+1"]
[EndTime "11:43:56 PDT"]
[Termination "Game drawn by repetition"]

1. Nf3 c5 2. b3 d5 3. Bb2 Nc6 4. e3 a6 5. d4 e6 6. Nbd2 Nf6 7. a3 cxd4 8. exd4 Bd6 9. Bd3 O-O 10.
O-O Ne7 11. Ne5 Ng6 12. Re1 Nd7 13. c4 Ndxe5 14. dxe5 Bc5 15. Nf3 dxc4 16. Bxc4 b5 17. Bd3 Bb7 18. b4 Bb6 19. Be4 Ra7 20. Qc2 Bxe4 21.
Qxe4 Rd7 22. h4 Ne7 23. Qe2 Nf5 24. Rad1 Rd5 25. Rxd5 Qxd5 26. Rd1 Qb3 27. Rd3 Qc4 28. Qd2 h6 29. Qc3 Qe4 30. Rd2 Nxh4 31. Nxh4 Qxh4 32.
Qf3 Qg5 33. Rd6 Bc7 34. Rc6 Bxe5 35. Rc5 f6 36. Bxe5 fxe5 37. Qc6 Qf5 38. Rc2 e4 39.
Re2 e3 40. f3 Qd3 41. Qxe6+ Kh8 42. Rxe3 Qd1+ 43. Kh2 Qd4 44. Re4 Qc3 45. Qxa6 Qc7+ 46. Kg1 Qc1+ 47. Kh2 Qc7+ 48. Kh1 Qc1+ 49. Kh2 Qc7+ 1/2-1/2

[Event "*** Titled Tuesday Blitz"]
[Site "Chess.com"]
[Date "2020.05.12"]
[Round "9"]
[White "awesomevishesh"]
[Black "Playgood28"]
[Result "1/2-1/2"]
[WhiteElo "2440"]
[BlackElo "2270"]
[TimeControl "180+1"]
[EndTime "11:43:57 PDT"]
[Termination "Game drawn by repetition"]

1. d4 f5 2. Nf3 Nf6 3. g3 g6 4. Bg2 Bg7 5. O-O d6 6. b3 O-O 7. Bb2 Ne4 8. c4 Nc6 9. Nbd2 Nxd2 10. Qxd2 e5 11. Rfd1 e4 12. Ne1 a5 13. d5 Ne5 14.
Bd4 b6 15. f3 exf3 16. exf3 f4 17. gxf4 Nf7 18. Bxg7 Kxg7 19. Nc2 Qf6 20. Nd4 Nh6 21. Re1 Nf5 22. Nb5 Rf7 23. Rad1 Ba6 24. Re6 Qh4 25.
Nc3 Raf8 26. Ne4 Bc8 27. Ng5 Bxe6 28. Nxe6+ Kg8 29. Nxf8 Kxf8 30. Re1 Re7 31. Re4 Qf6 32. Kf2 Ng7 33. Bh3 Nh5 34. Rxe7 Kxe7 35. Qe3+ Kf8 36.
Bg4 Nxf4 37. Kg3 g5 38. h4 h6 39. hxg5 hxg5 40. Qe4 Qh6 41. Qf5+ Kg7 42. Qd7+ Kh8 43.
Qe8+ Kg7 44. Qe7+ Kh8 45. Qd8+ Kg7 46. Qxc7+ Kh8 47. Qc8+ Kg7 48. Qd7+ Kh8 49. Qe8+ Kg7 50. Qe7+ Kh8 51. Qe8+ Kg7 52. Qe7+ Kh8 53. Qe8+ 1/2-1/2

[Event "*** Titled Tuesday Blitz"]
[Site "Chess.com"]
[Date "2020.05.12"]
[Round "9"]
[White "Morshynska"]
[Black "Sunnika"]
[Result "1-0"]
[WhiteElo "2186"]
[BlackElo "2280"]
[TimeControl "180+1"]
[EndTime "11:43:57 PDT"]
[Termination "Morshynska won by resignation"]

1. e4 c5 2. Nf3 Nc6 3. d4 cxd4 4. Nxd4 Nf6 5. Nc3 e5 6. Ndb5 d6 7. Bg5 a6 8. Na3 b5 9. Nd5 Be7 10. Bxf6 Bxf6 11. c3 Bg5 12. Nc2 O-O 13. a4 Rb8 14.
axb5 axb5 15. Bd3 Be6 16. Ncb4 Nxb4 17. Nxb4 Qd7 18. O-O g6 19. Qe2 f5 20. f3 Qg7 21.
Rfd1 Qh6 22. g3 Be3+ 23. Kh1 f4 24. g4 Qh3 25. Qg2 Qh4 26. Bf1 Rb6 27. Ra6 Rxa6 28. Nxa6 Kg7 29. Rxd6 Bg8 30. Rd7+ Kh8 31. Nb4 Qe1 32.
Qe2 Qc1 33. Rd1 Qa1 34. Rxa1 Bc4 35. Qe1 h5 36. Bxc4 bxc4 37. gxh5 gxh5 38. Qf1 Kh7 39.
Qh3 Kh6 40. Ra6+ Kg5 41. Nd5 Rf7 42. Ra8 Kh6 43. Rg8 Rg7 44. Qe6+ Kh7 45. Nf6+ Kg6 46. Rxg7+ Kxg7 47. Nxh5+ 1-0

[Event "*** Titled Tuesday Blitz"]
[Site "Chess.com"]
[Date "2020.05.12"]
[Round "9"]
[White "Sesleria"]
[Black "tteshan"]
[Result "0-1"]
[WhiteElo "1981"]
[BlackElo "2191"]
[TimeControl "180+1"]
[EndTime "11:43:57 PDT"]
[Termination "tteshan won on time"]

1. d4 d5 2. c4 dxc4 3. Nf3 Nf6 4. e3 Bg4 5. Bxc4 e6 6. Qb3 Bxf3 7. gxf3 Nbd7 8.
O-O Be7 9. Nc3 Nb6 10. Be2 O-O 11. Rd1 c6 12. f4 Qc7 13. Bd2 Rac8 14. Rac1 Qb8 15.
Bf3 Rfd8 16. Be1 Nbd5 17. Ne2 h6 18. Ba5 b6 19. Bd2 Ne8 20. Ng3 c5 21. dxc5 Bxc5 22. Ne4 Be7 23. Be1 Rxc1 24. Rxc1 Nd6 25. Qc2 Bf6 26.
Nxf6+ Nxf6 27. Qc7 Qxc7 28. Rxc7 Rd7 29. Rxd7 Nxd7 30.
Bb4 Nc4 31. b3 a5 32. Bc3 Nd6 33. Bd4 Nf5 34. Bc3 Kf8 35. Bc6 Nc5 36. Kf1 f6 37.
Ke2 Ke7 38. e4 Nd6 39. f3 g5 40. fxg5 hxg5 41. h3 Nf7 42. Ke3 Nd8 43. Bb5 Ndb7 44. Bd4 Nd6 45. Be2 Nd7 46. a4 e5 47. Bc3 Nc5 48. Bd1 Nf7 49. Kf2 Nd8 50. Kg3 Nc6 51.
Kg4 Ke6 52. h4 gxh4 53. Kxh4 Nd4 54. Bxd4 exd4 55. Kg3 Ke5 56. Kf2 f5 57. exf5 Kxf5 58. Ke2 Kf4 59. Bc2 d3+ 60. Bxd3 Nxb3 61. Bb5 Nd4+ 62.
Kd3 Nxb5 63. axb5 Kxf3 0-1

[Event "*** Titled Tuesday Blitz"]
[Site "Chess.com"]
[Date "2020.05.12"]
[Round "9"]
[White "GjakanTati"]
[Black "LawrenceTrent"]
[Result "1-0"]
[WhiteElo "2653"]
[BlackElo "2529"]
[TimeControl "180+1"]
[EndTime "11:43:58 PDT"]
[Termination "GjakanTati won by resignation"]

1. d4 Nf6 2. c4 e6 3. Nf3 d5 4. Nc3 Bb4 5. Qb3 c5 6. dxc5 Nc6 7. Bd2 d4 8. Na4 Bxd2+ 9. Nxd2 e5 10. g3 O-O 11.
Bg2 Qa5 12. Qb5 Qc7 13. O-O Bd7 14. Qb3 Rfe8 15. Qa3 Qa5 16. Nb3 Qa6 17. Nd2 e4 18. b3 Qa5 19. Qb2 Rad8 20. Rad1 Bf5 21. Qc1 h5 22.
Nb1 Bg6 23. Na3 Qc7 24. Nb5 Qe5 25. Nd6 Re7 26. Qf4 b6 27. Qxe5 Rxe5 28. Nb5 bxc5 29. f4 exf3 30. Bxf3 Be4 31. Rd2 Bxf3 32. exf3 h4 33. f4 Rf5 34. Kg2 Re8 35. Rff2 Re6 36. Rfe2 Rh5 37. Kf3 hxg3 38. hxg3 Ne7 39. Rxe6 fxe6 40.
Re2 Nf5 41. Nxa7 Rh3 42. Rg2 Nh4+ 43. Kf2 Ng4+ 44. Kg1 Nf3+ 45. Kf1 d3 46. Rb2 Rh1+ 47. Kg2 Rh2+ 48. Kxf3 d2 49. Rxd2 Rxd2 50. Kxg4 Rxa2 51. Nc8 Kf7 52. Nxc5 Kf6 53. Nd6 e5 54. Nde4+ Ke7 55. fxe5 Rb2 56. Nc3 Rc2 57. Nd5+ Kf8 58. e6 g6 59. Nd7+ Kg7 60. N7f6 Re2 61. Ne8+ Kf8 62. Nec7 Re4+ 63. Kg5 Re5+ 64. Kf6 1-0

[Event "*** Titled Tuesday Blitz"]
[Site "Chess.com"]
[Date "2020.05.12"]
[Round "9"]
[White "Berardino"]
[Black "Alomaterapia"]
[Result "0-1"]
[WhiteElo "2606"]
[BlackElo "2524"]
[TimeControl "180+1"]
[EndTime "11:43:59 PDT"]
[Termination "Alomaterapia won by resignation"]

1. e4 c6 2. d4 d5 3. exd5 cxd5 4. c4 Nf6 5. Nc3 g6 6. Qb3 Bg7 7. cxd5 O-O 8. Be2 Nbd7 9. Bf3 Nb6 10. a4 a5 11.
Nge2 Bf5 12. Bf4 Bd3 13. d6 exd6 14. O-O Re8 15. Rfd1 Bc4 16. Qc2 Rc8 17. Qd2 Ba6 18. b3 Qd7 19. h3 Bxe2 20. Nxe2 Nfd5 21. Bg3 Nb4 22. Rac1 N6d5 23. Nc3 Nxc3 24. Rxc3 h5 25. Rxc8 Rxc8 26. Qg5 d5 27. Be5 Qd8 28. Qf4 Qb6 29. Bxg7 Kxg7 30. h4 Qf6 31. Qd2 Qxh4 32. g3 Qf6 33.
Kg2 Rc2 34. Qe1 Rb2 35. Qe3 h4 36. Rh1 g5 37. gxh4 gxh4 38. Kh3 Qe6+ 39. Qxe6 fxe6 40. Kxh4 Rxf2 41. Rg1+ Kf6 42. Bg4 Nc6 43. Kg3 Rd2 44.
Rh1 Nxd4 45. Rh7 b6 46. Bh5 Ke5 47. Rb7 Rd3+ 48. Kg4 Rxb3 49. Bg6 Rb4 50. Kg5 Nf3+ 51. Kh6 Rg4 52. Kg7 Nh4 0-1

[Event "*** Titled Tuesday Blitz"]
[Site "Chess.com"]
[Date "2020.05.12"]
[Round "9"]
[White "DanielDardha2005"]
[Black "sergiochess83"]
[Result "1-0"]
[WhiteElo "2669"]
[BlackElo "2811"]
[TimeControl "180+1"]
[EndTime "11:44:01 PDT"]
[Termination "DanielDardha2005 won by resignation"]

1. e4 c6 2. d4 d5 3. Nc3 dxe4 4. Nxe4 Bf5 5. Ng3 Bg6 6. Bc4 e6 7. Nf3 Nd7 8. Qe2 Ngf6 9. Ne5 Nxe5 10. dxe5 Nd5 11.
h4 Bb4+ 12. Kf1 h6 13. h5 Bh7 14. a3 Be7 15. Bd3 Bxd3 16. Qxd3 Qc7 17. Qe4 O-O-O 18. c4 Nb6 19. Be3 Na4 20. Qc2 Nc5 21. f4 f6 22.
exf6 gxf6 23. Ne4 Nd3 24. g3 f5 25. Nf2 Nxf2 26. Kxf2 Bf6 27. Rad1 a6 28. Qb3 c5 29.
Rxd8+ Rxd8 30. Re1 Qc6 31. Qc2 Rd6 32. b4 Bd4 33. Bxd4 Rxd4 34. Qe2 Kd7 35. bxc5 Re4 36. Qd3+ Ke7 37. Rxe4 fxe4 38. Qd4 Kf7 39. Ke3 Qa4 40. Kxe4 Qc2+ 41. Qd3 Qg2+ 42. Ke5 Qc6 43. Qd6 Qc8 44. g4 Qh8+ 45. Ke4 Qc8 46. f5 exf5+ 47. gxf5 Qe8+ 48.
Kf4 Qe2 49. Qg6+ Ke7 50. f6+ Ke6 51. Qe8+ 1-0

[Event "*** Titled Tuesday Blitz"]
[Site "Chess.com"]
[Date "2020.05.12"]
[Round "9"]
[White "AminMolaei"]
[Black "SPEEDSKATER"]
[Result "0-1"]
[WhiteElo "2553"]
[BlackElo "2773"]
[TimeControl "180+1"]
[EndTime "11:44:01 PDT"]
[Termination "SPEEDSKATER won by resignation"]

1. d4 d5 2. c4 c6 3. cxd5 cxd5 4. Bf4 Nc6 5. e3 Nf6 6. Nc3 a6 7. Rc1 Bg4 8. f3 Bd7 9. Bd3 e6 10. Nge2 Nh5 11. Bg3 Be7 12. Bf2 Nf6 13. g4 O-O 14. h4 Rc8 15. Bg3 Ne8 16. Kf2 Bd6 17.
Qg1 e5 18. Nxd5 exd4 19. exd4 Be6 20. Ndf4 Nxd4 21. Nxd4 Bxf4 22. Nxe6 Qb6+ 23. Kg2 Qxb2+ 24. Qf2 Qxf2+ 25. Bxf2 Rxc1 26. Rxc1 Bxc1 27. Nxf8 Kxf8 28. Bxh7 g6 29. Bd4 b5 30. h5 gxh5 31. gxh5 Bh6 32. Kh3 Ke7 33. Kg4 Nd6 34. Bc5 Ke6 35. Bxd6 Kxd6 36.
Bc2 Ke5 37. Bb3 f6 38. Bc2 a5 39. Bd3 b4 40. Bc2 Bc1 41. Bb3 Bg5 42. Ba4 Bh6 43. Bb3 f5+ 44. Kg3 Kd4 45. Ba4 Kc3 46.
Bb3 Kb2 47. Be6 Ka3 48. Bd5 a4 49. Be6 Kb2 50. Bd5 Ka3 51. Be6 b3 52. axb3 axb3 53. Bxb3 Kxb3 54. f4 Kc4 55. Kf3 Kd4 56. Kg3 Ke4 57.
Kh4 Kxf4 58. Kh3 Kg5 59. Kg3 Kxh5 60. Kh3 Kg6 0-1

[Event "*** Titled Tuesday Blitz"]
[Site "Chess.com"]
[Date "2020.05.12"]
[Round "9"]
[White "Supernotar"]
[Black "Kimster98"]
[Result "1/2-1/2"]
[WhiteElo "2748"]
[BlackElo "2572"]
[TimeControl "180+1"]
[EndTime "11:44:01 PDT"]
[Termination "Game drawn by repetition"]

1. d4 Nf6 2. c4 e6 3. Nf3 b6 4. g3 Bb7 5. Bg2 Be7 6. Nc3 Ne4 7. Bd2 d6 8. O-O O-O 9. d5 Nxd2 10. Qxd2 e5 11. e4 a5 12. Ne1 Nd7 13. Nd3 Nc5 14. b3 Bc8 15. Rab1 f5 16. Nxc5 bxc5 17. exf5 Bxf5 18.
Be4 Bh3 19. Bg2 Bf5 20. Ne4 Qd7 21. Rbe1 Bxe4 22. Bxe4 a4 23. Bb1 axb3 24. axb3 Bf6 25. Qd3 g6 26. Re4 Rae8 27. Kg2 Qg7 28. h4 Rf7 29. Rg4 Qh6 30. Qe4 Ref8 31. h5 g5 32. Qe2 Be7 33. f3 Kh8 34. Be4 Ra8 35. Qb2 Qf8 36.
f4 gxf4 37. Rfxf4 Rxf4 38. Rxf4 Qg7 39. Rf5 Rf8 40. Qf2 Rf6 41. Kh3 Qf7 42. g4 Rxf5 43. Bxf5 Qf6 44. Qg3 Qg5 45. Be6 Qf4 46. Qxf4 exf4 47.
Kg2 Kg7 48. Kf3 Bg5 49. Bf5 h6 50. Ke4 Kf6 51. Bg6 Ke7 52. Bf5 Kf6 53. Bd7 Ke7 54.
Bb5 Kf6 55. Ba6 Ke7 56. Bc8 Kf6 57. Bd7 Ke7 58. Bf5 Kf6 1/2-1/2

[Event "*** Titled Tuesday Blitz"]
[Site "Chess.com"]
[Date "2020.05.12"]
[Round "9"]
[White "dopolian"]
[Black "RubensCezila"]
[Result "0-1"]
[WhiteElo "2315"]
[BlackElo "2455"]
[TimeControl "180+1"]
[EndTime "11:44:01 PDT"]
[Termination "RubensCezila won by resignation"]

1. e4 c6 2. d4 d5 3. exd5 cxd5 4. Nf3 Nf6 5. Bf4 Nc6 6. c3 Bf5 7. Qb3 Qc8 8. Nbd2 e6 9. Be2 Be7 10. O-O O-O 11. h3 Bg6 12. Rfe1 Ne4 13. Nxe4 Bxe4 14. Ne5 Nxe5 15. Bxe5 Bg6 16. Rad1 Rd8 17. Bd3 Bd6 18. Bxg6 hxg6 19. h4 Qc7 20. Bxd6 Rxd6 21. Re3 Rb6 22. Qc2 Qf4 23. g3 Qg4 24. Qe2 Qxe2 25. Rxe2 Rc8 26. Kf1 a5 27. Ke1 a4 28. Rd3 Rbc6 29. Kd2 b5 30. Re1 b4 31. Rc1 Rc4 32. b3 axb3 33.
axb3 R4c6 34. Rc2 Kh7 35. Rf3 f6 36. Re3 Kg8 37. g4 Kf7 38. Rf3 Ke7 39. Re3 Kd6 40.
h5 gxh5 41. gxh5 Rxc3 42. Rcxc3 Rxc3 43. Rxc3 bxc3+ 44. Kxc3 e5 45. Kd3 Kc6 46. Kc3 Kb5 47. f3 Ka5 48. Kd3 Kb4 49. dxe5 fxe5 50. f4 exf4 51.
Kd4 Kxb3 52. Kxd5 f3 53. Ke5 f2 54. Kf5 f1=Q+ 55. Kg6 Qf6+ 0-1